 Dungeon Crawl Stone Soup version 0.31-a0-232-gb1c03b2570 (webtiles) character file.

Game seed: 6869799461371063747

81 qw the Shooter (level 4, 0/26 HPs)
             Began as a Gargoyle Hexslinger on July 7, 2023.
             Slain by an adder (2 damage)
             ... on level 3 of the Dungeon.
             The game lasted 00:00:39 (1849 turns).

qw the Shooter (Gargoyle Hexslinger)                Turns: 1849, Time: 00:00:40

Health: 0/26       AC:  8    Str: 11    XL:     4   Next: 42%
Magic:  5/5        EV: 10    Int: 14    God:
Gold:   120        SH:  0    Dex: 14    Spells: 4/5 levels left

rFire   . . .        Y - +0 arbalest
rCold   . . .        (shield currently unavailable)
rNeg    + . .        h - +0 ring mail
rPois   inf          (no helmet)
rElec   +            (no cloak)
rCorr   .            (no gloves)
SInv    .            (no boots)
Will    .....        (no amulet)
Stlth   +            (no ring)
HPRegen 0.24/turn    (no ring)
MPRegen 0.09/turn

%: no passive effects
@: about to teleport
A: sickness immunity, AC +3, negative energy resistance 1, electricity
resistance, torment resistance 1, petrification resistance
a: no special abilities


You were on level 3 of the Dungeon.
You visited 1 branch of the dungeon, and saw 3 of its levels.

You collected 120 gold pieces.


Innate Abilities, Weirdness & Mutations

You are immune to sickness and miasma.
Your stone body is resilient. (AC +3)
You are immune to poison.
You resist negative energy. (rN+)
You are resistant to electric shocks. (rElec)
You are resistant to unholy torment.
You are immune to petrification.


   Skills:
 - Level 2.0 Fighting
 + Level 4.0 Ranged Weapons
 - Level 1.0 Armour
 - Level 1.5 Dodging
 - Level 1.0 Spellcasting
 - Level 2.6 Hexes


You had 4 spell levels left.
You knew the following spells:

 Your Spells              Type           Power      Damage    Failure   Level
a - Slow                  Hex            32%        N/A       21%         1

Your spell library contained the following spells:

 Spells                   Type           Power      Damage    Failure   Level
 Inner Flame              Hex/Fire       4%         N/A       71%         3
 Portal Projectile        Hex/Tloc       8%         N/A       71%         3
 Cause Fear               Hex            4%         N/A       90%         4

Inventory:

Hand Weapons
 Y - a +0 arbalest (weapon)
Armour
 h - a +0 ring mail (worn)
Scrolls
 c - a scroll of identify
Potions
 a - a potion of mutation {unknown}
 e - a potion of curing {unknown}
 g - a potion of heal wounds {unknown}
 k - a potion of might
 l - a potion of degeneration {unknown}

Dungeon Overview and Level Annotations

Branches:
Dungeon (3/15)

Altars:

Annotations:
D:3 Pargi


Message History

Pargi completely misses you. Pargi closely misses you. x2
You shoot a bolt. The bolt hits Pargi but does no damage.
You hear the rusting of a distant drain.
Pargi bites you. Pargi claws you but does no damage. Pargi claws you.
Pargi bites you. Pargi claws you but does no damage. x2
You shoot a bolt. The bolt hits Pargi!
Pargi is moderately wounded.
Pargi misses you. Pargi claws you but does no damage. Pargi claws you.
A kobold comes into view. It is wielding a +0 long sword.
Pargi barely misses you. Pargi claws you but does no damage.
Pargi barely misses you.
You shoot a bolt. The bolt completely misses Pargi.
The kobold shouts!
You hear a shout!
An adder comes into view.
Pargi barely misses you. Pargi claws you but does no damage. x2
You shoot a bolt. The bolt closely misses Pargi.
The adder hisses angrily.
Pargi barely misses you. Pargi claws you but does no damage. x2
An orc comes into view. It is wielding a +0 club.
Pargi bites you. Pargi claws you but does no damage. Pargi barely misses you.
The kobold throws a stone.
The stone hits you.
You shoot a bolt. The bolt closely misses Pargi.
The orc shouts!
Pargi bites you but does no damage. Pargi claws you but does no damage.
Pargi closely misses you.
The kobold throws a stone.
The stone barely misses you.
The stone barely misses Pargi.
Pargi bites you. Pargi claws you but does no damage. Pargi claws you.
You shoot a bolt. The bolt barely misses Pargi.
Pargi barely misses you. x2; Pargi claws you but does no damage.
The adder bites you. Pargi bites you. Pargi barely misses you.
Pargi claws you but does no damage.
1848 ||| READING scroll of teleportation.
As you read the scroll of teleportation, it crumbles to dust.
You feel strangely unstable. The adder bites you. Pargi barely misses you.
Pargi claws you but does no damage. x2
You shoot a bolt. The bolt barely misses Pargi.
The adder bites you. x2
You die...

#### ....# .... #..
#...####.#...
#.#...#.SKo....
#[....T@# .#
....###.##.# ###.
#>...## #...#
<...###.....# #...###
#.........#.# #...##.
###.#.......# #...##.
#.....#..#####...##.
..###.#.###.#........)..
......#.###.#...........


You could see Pargi, an adder, an orc and a kobold.

Vanquished Creatures
  3 adders
  A worm (D:2)
  A dart slug (D:2)
  5 ball pythons
  8 endoplasms
  5 goblins
  4 hobgoblins
  7 bats
  6 frilled lizards
  8 kobolds
48 creatures vanquished.

Notes
Turn   | Place    | Note
-------+----------+-------------------------------------------
     0 | D:1      | qw the Gargoyle Hexslinger began the quest for the Orb.
     0 | D:1      | Reached XP level 1. HP: 12/12 MP: 2/2
     0 | D:1      | 0 ||| qw: Version: 0.3-a-46-gb1f654a
     0 | D:1      | 0 ||| qw: Game counter: 2420
     0 | D:1      | 0 ||| qw: Melee chars always use a shield: true
     0 | D:1      | 0 ||| qw: God list: Okawaru
     0 | D:1      | 0 ||| qw: Allow faded altars: false
     0 | D:1      | 0 ||| qw: Do Orc after clearing Dungeon:15 true
     0 | D:1      | 0 ||| qw: Do second Lair branch before Depths: true
     0 | D:1      | 0 ||| qw: Lair rune preference: random
     0 | D:1      | 0 ||| qw: Goals: Normal
     0 | D:1      | 0 ||| PLANNING D:1-11
   264 | D:1      | Reached XP level 2. HP: 16/16 MP: 3/3
   314 | D:1      | Reached skill level 3 in Ranged Weapons
   483 | D:1      | Reached XP level 3. HP: 21/21 MP: 4/4
   952 | D:1      | 952 ||| UPGRADING to +0 ring mail.
   962 | D:1      | 962 ||| DROPPING +0 robe.
   963 | D:1      | 963 ||| READING scroll labelled PAHEFR ONIRAXT.
   964 | D:1      | 964 ||| READING scroll labelled LETIRI DUKELIG.
   965 | D:1      | 965 ||| READING scroll labelled UMYHUH EHOE.
   966 | D:1      | 966 ||| READING scroll labelled TOKHUS VU RECY.
   967 | D:1      | 967 ||| DRINKING 2 sedimented golden potions.
   968 | D:1      | 968 ||| DROPPING scroll of poison.
  1120 | D:2      | 1120 ||| SWAPPING to +0 arbalest.
  1122 | D:2      | 1122 ||| DROPPING +1 sling of freezing.
  1627 | D:2      | 1627 ||| READING 2 scrolls labelled DEOXER DAXIMY.
  1630 | D:2      | 1630 ||| READING scroll labelled CISIOXOU FA UDWE.
  1644 | D:2      | 1644 ||| READING scroll labelled GAUFOSMANE.
  1711 | D:3      | 1711 ||| PLANNING SEWER
  1713 | D:3      | Reached XP level 4. HP: 26/26 MP: 5/5
  1714 | D:3      | Reached skill level 4 in Ranged Weapons
  1735 | D:3      | Reached skill level 1 in Armour
  1835 | D:3      | Noticed Pargi
  1847 | D:3      | HP: 6/26 [Pargi (1)]
  1848 | D:3      | 1848 ||| READING scroll of teleportation.
  1849 | D:3      | HP: 2/26 [adder (2)]
  1849 | D:3      | Slain by an adder

Levels and vault maps discovered:
D:1:      heliophobic_arrival_dark_side_of_the_moon, layout_loops_corners
D:2:      layout_basic, minmay_hedge_maze, item_on_display_a
D:3:      layout_loops_cross, fedhas_altar_1,
          shapermc_ecumenical_altar_rom_forum, cheibrodos_sewer_entry_sluice,
          uniq_crazy_yiuf_cottage, uniq_robin, uniq_terence, uniq_pargi

Skill      XL: |  1  2  3  4 |
---------------+-------------+-----
Ranged Weapons | 3 4 |  4.0
Fighting       | 2 |  2.0
Armour         | 1 |  1.0
Dodging        | |  1.5
Spellcasting   | |  1.0
Hexes          | |  2.6

Action                     |  1- 3 |  4- 6 || total
---------------------------+-------+-------++-------
   Fire: Sling             |    94 |       ||    94
         Arbalest          |    22 |    28 ||    50
    Use: Scroll            |     7 |     1 ||     8
         Potion            |     1 |       ||     1
 Armour: Robe              |    14 |       ||    14
         Ring mail         |     7 |    45 ||    52
  Dodge: Dodged            |    27 |    39 ||    66

Table legend:
 A = Non-vault XP
 B = Vault XP
 C = Vault XP percentage of total XP
 D = Non-vault monster count
 E = Vault monster count
 F = Vault count percentage of total count
                 A         B        C        D         E       F
            +---------+---------+-------+---------+---------+-------
      Total |     114 |       3 |   2.6 |      46 |       2 |   4.2
            +---------+---------+-------+---------+---------+-------
        D:1 |      41 |       0 |   0.0 |      26 |       0 |   0.0
        D:2 |      38 |       0 |   0.0 |      13 |       0 |   0.0
        D:3 |      35 |       3 |   7.9 |       7 |       2 |  22.2
            +---------+---------+-------+---------+---------+-------
